Workbook

Sheet Приложение 1
C1: Приложение 1 к решению Совета депутатов Пушкинского сельского поселения Ромодановского муниципального района Республики Мордовия «О бюджете Пушкинского сельского поселения Ромодановского муниципального района Республики Мордовия на 2023 год и на плановый период 2024 и 2025 годов»
A6: ОБЪЕМ БЕЗВОЗМЕЗДНЫХ ПОСТУПЛЕНИЙ В БЮДЖЕТ ПУШКИНСКОГО СЕЛЬСКОГО ПОСЕЛЕНИЯ РОМОДАНОВСКОГО МУНИЦИПАЛЬНОГО РАЙОНА РЕСПУБЛИКИ МОРДОВИЯ НА 2023 ГОД И НА ПЛАНОВЫЙ ПЕРИОД 2024 И 2025 ГОДОВ
E7: (тыс. рублей)
A8: Код | B8: Наименование | C8: Сумма
C9: 2023 год | D9: 2024 год | E9: 2025 год
A10: 1 | B10: 2 | C10: 3 | D10: 4 | E10: 5
A11: 2 00 00000 00 0000 000 | B11: БЕЗВОЗМЕЗДНЫЕ ПОСТУПЛЕНИЯ | C11: =C12 -> 9133 | D11: =D13+D22+D27 -> 784.7 | E11: =E13+E22+E27 -> 838.3
A12: 2 02 00000 00 0000 000 | B12: Безвозмездные поступления от других бюджетов бюджетной системы Российской Федерации | C12: =C13+C18+C22+C27 -> 9133 | D12: =D11 -> 784.7 | E12: =E11 -> 838.3
A13: 2 02 10000 00 0000 150 | B13: Дотации бюджетам бюджетной системы Российской Федерации | C13: =C14+C16 -> 586 | D13: =D14+D16 -> 510.2 | E13: =E14+E16 -> 559.5
A14: 2 02 15001 00 0000 150 | B14: Дотации на выравнивание бюджетной обеспеченности | C14: =C15 -> 517.5 | D14: =D15 -> 510.2 | E14: =E15 -> 559.5
A15: 2 02 15001 10 0000 150 | B15: Дотации бюджетам сельских поселений на выравнивание бюджетной обеспеченности из бюджета субъекта Российской Федерации | C15: 517.5 | D15: 510.2 | E15: 559.5
A16: 2 02 15002 00 0000 150 | B16: Дотации бюджетам на поддержку мер по обеспечению сбалансированности бюджетов | C16: =C17 -> 68.5 | D16: =D17 -> 0 | E16: =E17 -> 0
A17: 2 02 15002 10 0000 150 | B17: Дотации бюджетам сельских поселений на поддержку мер по обеспечению сбалансированности бюджетов | C17: 68.5
A18: 2 02 20000 00 0000 150 | B18: Субсидии бюджетам бюджетной системы Российской Федерации (межбюджетные субсидии) | C18: =C20+C19 -> 5765.9
A19: 2 02 25576 10 0000 150 | B19: Субсидия на реализацию мероприятий по благоустройству сельских территорий | C19: 5645.9
A20: 2 02 29999 00 0000 150 | B20: Прочие субсидии | C20: =C21 -> 120
A21: 2 02 29999 10 0000 150 | B21: Прочие субсидии бюджетам сельских поселений | C21: 120
A22: 2 02 30000 00 0000 150 | B22: Субвенции бюджетам бюджетной системы Российской Федерации | C22: =C23+C25 -> 109.6 | D22: =D23+D25 -> 114.7 | E22: =E23+E25 -> 119
A23: 2 02 30024 00 0000 150 | B23: Субвенции местным бюджетам на выполнение передаваемых полномочий субъектов Российской Федерации | C23: =C24 -> 0.3 | D23: =D24 -> 0.3 | E23: =E24 -> 0.3
A24: 2 02 30024 10 0000 150 | B24: Субвенции бюджетам сельских поселений на выполнение передаваемых полномочий субъектов Российской Федерации | C24: 0.3 | D24: 0.3 | E24: 0.3
A25: 2 02 35118 00 0000 150 | B25: Субвенции бюджетам на осуществление первичного воинского учета органами местного самоуправления поселений,муниципальных и городских округов | C25: =C26 -> 109.3 | D25: =D26 -> 114.4 | E25: =E26 -> 118.7
A26: 2 02 35118 10 0000 150 | B26: Субвенции бюджетам сельских поселений на осуществление первичного воинского учета органами местного самоуправления поселений,муниципальных и городских округов | C26: 109.3 | D26: 114.4 | E26: 118.7
A27: 2 02 40000 00 0000 150 | B27: Иные межбюджетные трансферты | C27: =C28 -> 2671.5 | D27: =D28 -> 159.8 | E27: =E28 -> 159.8
A28: 2 02 40014 00 0000 150 | B28: Межбюджетные трансферты, передаваемые бюджетам муниципальных образований на осуществление части полномочий по решению вопросов местного значения в соответствии с заключенными соглашениями | C28: =C29 -> 2671.5 | D28: =D29 -> 159.8 | E28: =E29 -> 159.8
A29: 2 02 40014 10 0000 150 | B29: Межбюджетные трансферты, передаваемые бюджетам сельских поселений из бюджетов муниципальных районов на осуществление части полномочий по решению вопросов местного значения в соответствии с заключенными соглашениями | C29: 2671.5 | D29: 159.8 | E29: 159.8

Sheet Приложение 2
I1: Приложение 2 к решению Совета депутатов Пушкинского сельского поселения Ромодановского муниципального района Республики Мордовия «О бюджете Пушкинского сельского поселения Ромодановского муниципального района Республики Мордовия на 2023 год и на плановый период 2024 и 2025 годов»
A2: ВЕДОМСТВЕННАЯ СТРУКТУРА РАСХОДОВ БЮДЖЕТА ПУШКИНСКОГО СЕЛЬСКОГО ПОСЕЛЕНИЯ РОМОДАНОВСКОГО МУНИЦИПАЛЬНОГО РАЙОНА РЕСПУБЛИКИ МОРДОВИЯ НА 2023 ГОД И НА ПЛАНОВЫЙ ПЕРИОД 2024 И 2025 ГОДОВ
I3: (тыс. рублей)
A4: Наименование | B4: Адм | C4: Рз | D4: Прз | E4: Цср | I4: Вр | J4: Сумма
J5: 2023 год | K5: 2024 год | L5: 2025 год
A6: 1 | B6: 2 | C6: 3 | D6: 4 | E6: 5 | F6: 6 | G6: 7 | H6: 8 | I6: 9 | J6: 10 | K6: 11 | L6: 12
A7: Администрация Пушкинского сельского поселения Ромодановского муниципального района Республики Мордовия | B7: 921 | J7: =J8+J43+J53+J60+J80 -> 9692.3 | K7: =K8+K43+K53+K60+K80+K87 -> 1271.1 | L7: =L8+L43+L53+L60+L80+L87 -> 1329
A8: Общегосударственные вопросы | B8: 921 | C8: 01 | J8: =J9+J18+J37 -> 973.4 | K8: =K9+K18+K37 -> 812.3 | L8: =L9+L18+L37 -> 831
A9: Функционирование высшего должностного лица субъекта Российской Федерации и муниципального образования | B9: 921 | C9: 01 | D9: 02 | J9: =J10 -> 320.3 | K9: =K10 -> 302.4 | L9: =L10 -> 280.5
A10: Обеспечение деятельности Администрации Пушкинского сельского поселения Ромодановского муниципального района Республики Мордовия | B10: 921 | C10: 01 | D10: 02 | E10: 65 | J10: =J11 -> 320.3 | K10: =K11 -> 302.4 | L10: =L11 -> 280.5
A11: Высшее должностное лицо | B11: 921 | C11: 01 | D11: 02 | E11: 65 | F11: 1 | J11: =J12+J15 -> 320.3 | K11: =K12 -> 302.4 | L11: =L12 -> 280.5
A12: Расходы на выплаты по оплате труда высшего должностного лица | B12: 921 | C12: 01 | D12: 02 | E12: 65 | F12: 1 | G12: 00 | H12: 41150 | J12: =J13 -> 260.3 | K12: =K13 -> 302.4 | L12: =L13 -> 280.5
A13: Расходы на выплаты персоналу в целях обеспечения выполнения функций государственными (муниципальными) органами, казенными учреждениями, органами управления государственными внебюджетными фондами | B13: 921 | C13: 01 | D13: 02 | E13: 65 | F13: 1 | G13: 00 | H13: 41150 | I13: 100 | J13: =J14 -> 260.3 | K13: =K14 -> 302.4 | L13: =L14 -> 280.5
A14: Расходы на выплаты персоналу государственных (муниципальных) органов | B14: 921 | C14: 01 | D14: 02 | E14: 65 | F14: 1 | G14: 00 | H14: 41150 | I14: 120 | J14: 260.3 | K14: 302.4 | L14: 280.5
A15: Субсидии на софинансирование расходных обязательств по финансовому обеспечению деятельности органов местного самоуправления и муниципальных учреждений | B15: 921 | C15: 01 | D15: 02 | E15: 65 | F15: 1 | G15: 00 | H15: 44205 | J15: =J16 -> 60
A16: =A13 -> Расходы на выплаты персоналу в целях обеспечения выполнения функций государственными (муниципальными) органами, казенными учреждениями, органами управления государственными внебюджетными фондами | B16: 921 | C16: 01 | D16: 02 | E16: 65 | F16: 1 | G16: 00 | H16: 44205 | I16: 100 | J16: =J17 -> 60
A17: =A14 -> Расходы на выплаты персоналу государственных (муниципальных) органов | B17: 921 | C17: 01 | D17: 02 | E17: 65 | F17: 1 | G17: 00 | H17: 44205 | I17: 120 | J17: 60
A18: Функционирование Правительства Российской Федерации, высших исполнительных органов государственной власти субъектов Российской Федерации, местных администраций | B18: 921 | C18: 01 | D18: 04 | J18: =J19+J32 -> 648.1 | K18: =K19+K32 -> 504.9 | L18: =L19+L32 -> 545.5
A19: =A10 -> Обеспечение деятельности Администрации Пушкинского сельского поселения Ромодановского муниципального района Республики Мордовия | B19: 921 | C19: 01 | D19: 04 | E19: 65 | J19: =J20 -> 647.8 | K19: =K20 -> 504.6 | L19: =L20 -> 545.2
A20: Расходы в рамках обеспечения деятельности администрации Пушкинского сельского поселения | B20: 921 | C20: 01 | D20: 04 | E20: 65 | F20: 2 | J20: =J21+J24+J29 -> 647.8 | K20: =K21+K24 -> 504.6 | L20: =L21+L24 -> 545.2
A21: Расходы на выплаты по оплате труда работников органов местного самоуправления | B21: 921 | C21: 01 | D21: 04 | E21: 65 | F21: 2 | G21: 00 | H21: 41110 | J21: =J22 -> 260.3 | K21: =K22 -> 321.5 | L21: =L22 -> 315
A22: Расходы на выплаты персоналу в целях обеспечения выполнения функций государственными (муниципальными) органами, казенными учреждениями, органами управления государственными внебюджетными фондами | B22: 921 | C22: 01 | D22: 04 | E22: 65 | F22: 2 | G22: 00 | H22: 41110 | I22: 100 | J22: =J23 -> 260.3 | K22: =K23 -> 321.5 | L22: =L23 -> 315
A23: Расходы на выплаты персоналу государственных (муниципальных) органов | B23: 921 | C23: 01 | D23: 04 | E23: 65 | F23: 2 | G23: 00 | H23: 41110 | I23: 120 | J23: 260.3 | K23: 321.5 | L23: 315
A24: Расходы на обеспечение функций органов местного самоуправления | B24: 921 | C24: 01 | D24: 04 | E24: 65 | F24: 2 | G24: 00 | H24: 41120 | J24: =+J25+J27 -> 327.5 | K24: =+K25+K27 -> 183.1 | L24: =+L25+L27 -> 230.2
A25: Закупка товаров, работ и услуг для обеспечения государственных (муниципальных) нужд | B25: 921 | C25: 01 | D25: 04 | E25: 65 | F25: 2 | G25: 00 | H25: 41120 | I25: 200 | J25: =J26 -> 321.5 | K25: =K26 -> 177.1 | L25: =L26 -> 224.2
A26: Иные закупки товаров, работ и услуг для обеспечения государственных (муниципальных) нужд | B26: 921 | C26: 01 | D26: 04 | E26: 65 | F26: 2 | G26: 00 | H26: 41120 | I26: 240 | J26: 321.5 | K26: 177.1 | L26: 224.2
A27: Иные бюджетные ассигнования | B27: 921 | C27: 01 | D27: 04 | E27: 65 | F27: 2 | G27: 00 | H27: 41120 | I27: 800 | J27: =J28 -> 6 | K27: =K28 -> 6 | L27: =L28 -> 6
A28: Уплата налогов, сборов и иных платежей | B28: 921 | C28: 01 | D28: 04 | E28: 65 | F28: 2 | G28: 00 | H28: 41120 | I28: 850 | J28: 6 | K28: 6 | L28: 6
A29: =A15 -> Субсидии на софинансирование расходных обязательств по финансовому обеспечению деятельности органов местного самоуправления и муниципальных учреждений | B29: 921 | C29: 01 | D29: 04 | E29: 65 | F29: 2 | G29: 00 | H29: 44205 | J29: =J30 -> 60
A30: =A22 -> Расходы на выплаты персоналу в целях обеспечения выполнения функций государственными (муниципальными) органами, казенными учреждениями, органами управления государственными внебюджетными фондами | B30: 921 | C30: 01 | D30: 04 | E30: 65 | F30: 2 | G30: 00 | H30: 44205 | I30: 100 | J30: =J31 -> 60
A31: =A23 -> Расходы на выплаты персоналу государственных (муниципальных) органов | B31: 921 | C31: 01 | D31: 04 | E31: 65 | F31: 2 | G31: 00 | H31: 44205 | I31: 120 | J31: 60
A32: Непрограммные расходы главных распорядителей средств бюджета Пушкинского сельского поселения Ромодановского муниципального района Республики Мордовия | B32: 921 | C32: 01 | D32: 04 | E32: 89 | J32: =J33 -> 0.3 | K32: =K33 -> 0.3 | L32: =L33 -> 0.3
A33: Непрограммные расходы в рамках обеспечения деятельности главных распорядителей средств бюджета Пушкинского сельского поселения Ромодановского муниципального района Республики Мордовия | B33: 921 | C33: 01 | D33: 04 | E33: 89 | F33: 1 | J33: =J34 -> 0.3 | K33: =K34 -> 0.3 | L33: =L34 -> 0.3
A34: Осуществление государственных полномочий Республики Мордовия по определению перечня должностных лиц, уполномоченных составлять протоколы об административных правонарушениях, предусмотренных Законом Республики Мордовия от 15 июня 2015 года № 38-З "Об административной ответственности на территории Республики Мордовия" | B34: 921 | C34: 01 | D34: 04 | E34: 89 | F34: 1 | G34: 00 | H34: 77150 | J34: =J35 -> 0.3 | K34: =K35 -> 0.3 | L34: =L35 -> 0.3
A35: Закупка товаров, работ и услуг для обеспечения государственных (муниципальных) нужд | B35: 921 | C35: 01 | D35: 04 | E35: 89 | F35: 1 | G35: 00 | H35: 77150 | I35: 200 | J35: =J36 -> 0.3 | K35: =K36 -> 0.3 | L35: =L36 -> 0.3
A36: Иные закупки товаров, работ и услуг для обеспечения государственных (муниципальных) нужд | B36: 921 | C36: 01 | D36: 04 | E36: 89 | F36: 1 | G36: 00 | H36: 77150 | I36: 240 | J36: 0.3 | K36: 0.3 | L36: 0.3
A37: Резервные фонды | B37: 921 | C37: 01 | D37: 11 | J37: =J38 -> 5 | K37: =K38 -> 5 | L37: =L38 -> 5
A38: =A32 -> Непрограммные расходы главных распорядителей средств бюджета Пушкинского сельского поселения Ромодановского муниципального района Республики Мордовия | B38: 921 | C38: 01 | D38: 11 | E38: 89 | J38: =J39 -> 5 | K38: =K39 -> 5 | L38: =L39 -> 5
A39: =A33 -> Непрограммные расходы в рамках обеспечения деятельности главных распорядителей средств бюджета Пушкинского сельского поселения Ромодановского муниципального района Республики Мордовия | B39: 921 | C39: 01 | D39: 11 | E39: 89 | F39: 1 | J39: =J40 -> 5 | K39: =K40 -> 5 | L39: =L40 -> 5
A40: Резервный фонд администрации Пушкинского сельского поселения Ромодановского муниципального района Республики Мордовия | B40: 921 | C40: 01 | D40: 11 | E40: 89 | F40: 1 | G40: 00 | H40: 41180 | J40: =J42 -> 5 | K40: =K42 -> 5 | L40: =L42 -> 5
A41: Иные бюджетные ассигнования | B41: 921 | C41: 01 | D41: 11 | E41: 89 | F41: 1 | G41: 00 | H41: 41180 | I41: 800 | J41: =J42 -> 5 | K41: =K42 -> 5 | L41: =L42 -> 5
A42: Резервные средства | B42: 921 | C42: 01 | D42: 11 | E42: 89 | F42: 1 | G42: 00 | H42: 41180 | I42: 870 | J42: 5 | K42: 5 | L42: 5
A43: Национальная оборона | B43: 921 | C43: 02 | J43: =J44 -> 109.3 | K43: =K44 -> 114.4 | L43: =L44 -> 118.7
A44: Мобилизационная и вневойсковая подготовка | B44: 921 | C44: 02 | D44: 03 | J44: =J45 -> 109.3 | K44: =K45 -> 114.4 | L44: =L45 -> 118.7
A45: Государственная программа повышения эффективности управления государственными финансами в Республике Мордовия | B45: 921 | C45: 02 | D45: 03 | E45: 17 | J45: =J46 -> 109.3 | K45: =K46 -> 114.4 | L45: =L46 -> 118.7
A46: Подпрограмма "Повышения эффективности межбюджетных отношений" | B46: 921 | C46: 02 | D46: 03 | E46: 17 | F46: 3 | J46: =J47 -> 109.3 | K46: =K47 -> 114.4 | L46: =L47 -> 118.7
A47: Основное мероприятие "Обеспечение и осуществления органами местного самоуправления отдельных государственных полномочий" | B47: 921 | C47: 02 | D47: 03 | E47: 17 | F47: 3 | G47: 02 | J47: =J48 -> 109.3 | K47: =K48 -> 114.4 | L47: =L48 -> 118.7
A48: Осуществление государственных полномочий Российской Федерации по первичному воинскому учету на территориях, где отсутствуют военные комиссариаты | B48: 921 | C48: 02 | D48: 03 | E48: 17 | F48: 3 | G48: 02 | H48: 51180 | J48: =J51+J49 -> 109.3 | K48: =K51+K49 -> 114.4 | L48: =L51+L49 -> 118.7
A49: Расходы на выплаты персоналу в целях обеспечения выполнения функций государственными (муниципальными) органами, казенными учреждениями, органами управления государственными внебюджетными фондами | B49: 921 | C49: 02 | D49: 03 | E49: 17 | F49: 3 | G49: 02 | H49: 51180 | I49: 100 | J49: =J50 -> 104.3 | K49: =K50 -> 109.4 | L49: =L50 -> 113.7
A50: Расходы на выплаты персоналу государственных (муниципальных) органов | B50: 921 | C50: 02 | D50: 03 | E50: 17 | F50: 3 | G50: 02 | H50: 51180 | I50: 120 | J50: 104.3 | K50: 109.4 | L50: 113.7
A51: Закупка товаров, работ и услуг для обеспечения государственных (муниципальных) нужд | B51: 921 | C51: 02 | D51: 03 | E51: 17 | F51: 3 | G51: 02 | H51: 51180 | I51: 200 | J51: =J52 -> 5 | K51: =K52 -> 5 | L51: =L52 -> 5
A52: Иные закупки товаров, работ и услуг для обеспечения государственных (муниципальных) нужд | B52: 921 | C52: 02 | D52: 03 | E52: 17 | F52: 3 | G52: 02 | H52: 51180 | I52: 240 | J52: 5 | K52: 5 | L52: 5
A53: Национальная экономика | B53: 921 | C53: 04 | J53: =J54 -> 159.8 | K53: =K54 -> 159.8 | L53: =L54 -> 159.8
A54: Дорожное хозяйство (дорожные фонды) | B54: 921 | C54: 04 | D54: 09 | J54: =J55 -> 159.8 | K54: =K55 -> 159.8 | L54: =L55 -> 159.8
A55: Муниципальная программа «Комплексного развития транспортной инфраструктуры Пушкинского сельского поселения Ромодановского муниципального района Республики Мордовия на 2018- 2028 года" | B55: 921 | C55: 04 | D55: 09 | E55: 13 | J55: =J57 -> 159.8 | K55: =K57 -> 159.8 | L55: =L57 -> 159.8
A56: Основное мероприятие "Ремонт и содержание дорог в границах поселения,поддержание дорожного полотна в работоспособном состоянии " | B56: 921 | C56: 04 | D56: 09 | E56: 13 | F56: 0 | G56: 01 | J56: =J57 -> 159.8 | K56: =K57 -> 159.8 | L56: =L57 -> 159.8
A57: Иные межбюджетные трансферты на осуществление полномочий по дорожной деятельности в отношении автомобильных дорог местного значения в границах населенных пунктов поселения и обеспечению безопасности дорожного движения на них, включая создание и обеспечение функционирования парковок (парковочных мест), осуществлению муниципального контроля за сохранностью автомобильных дорог местного значения в границах населенных пунктов поселения, организации дорожного движения, а также осуществлению иных полномочий в области использования автомобильных дорог и осуществления дорожной деятельности в соответствии с законодательством Российской Федерации | B57: 921 | C57: 04 | D57: 09 | E57: 13 | F57: 0 | G57: 01 | H57: 44102 | J57: =J58 -> 159.8 | K57: =K58 -> 159.8 | L57: =L58 -> 159.8
A58: Закупка товаров, работ и услуг для обеспечения государственных (муниципальных) нужд | B58: 921 | C58: 04 | D58: 09 | E58: 13 | F58: 0 | G58: 01 | H58: 44102 | I58: 200 | J58: =J59 -> 159.8 | K58: =K59 -> 159.8 | L58: =L59 -> 159.8
A59: Иные закупки товаров, работ и услуг для обеспечения государственных (муниципальных) нужд | B59: 921 | C59: 04 | D59: 09 | E59: 13 | F59: 0 | G59: 01 | H59: 44102 | I59: 240 | J59: 159.8 | K59: 159.8 | L59: 159.8
A60: Жилищно-коммунальное хозяйство | B60: 921 | C60: 05 | J60: =J61 -> 8408.3 | K60: =K61 -> 120 | L60: =L61 -> 120
A61: Благоустройство | B61: 921 | C61: 05 | D61: 03 | J61: =J62+J71 -> 8408.3 | K61: =K62 -> 120 | L61: =L62 -> 120
A62: Муниципальная программа "Комплексного развития социальной инфраструктуры Пушкинского сельского поселения Ромодановского муниципального района Республики Мордовия на 2018-2028 года" | B62: 921 | C62: 05 | D62: 03 | E62: 10 | J62: =J67+J63 -> 170 | K62: =K67+K63 -> 120 | L62: =L67+L63 -> 120
A63: Основное мероприятие "Благоустройство территории " | B63: 921 | C63: 05 | D63: 03 | E63: 10 | F63: 0 | G63: 07 | J63: =J64 -> 81 | K63: =K64 -> 26 | L63: =L64 -> 23
A64: Прочие мероприятия по благоустройству | B64: 921 | C64: 05 | D64: 03 | E64: 10 | F64: 0 | G64: 07 | H64: 43040 | J64: =J65 -> 81 | K64: =K65 -> 26 | L64: =L65 -> 23
A65: Закупка товаров, работ и услуг для обеспечения государственных (муниципальных) нужд | B65: 921 | C65: 05 | D65: 03 | E65: 10 | F65: 0 | G65: 07 | H65: 43040 | I65: 200 | J65: =J66 -> 81 | K65: =K66 -> 26 | L65: =L66 -> 23
A66: Иные закупки товаров, работ и услуг для обеспечения государственных (муниципальных) нужд | B66: 921 | C66: 05 | D66: 03 | E66: 10 | F66: 0 | G66: 07 | H66: 43040 | I66: 240 | J66: 81 | K66: 26 | L66: 23
A67: Основное мероприятие "Освещение территории сельского поселения" | B67: 921 | C67: 05 | D67: 03 | E67: 10 | F67: 0 | G67: 08 | J67: =J68 -> 89 | K67: =K68 -> 94 | L67: =L68 -> 97
A68: Уличное освещение | B68: 921 | C68: 05 | D68: 03 | E68: 10 | F68: 0 | G68: 08 | H68: 43010 | J68: =J69 -> 89 | K68: =K69 -> 94 | L68: =L69 -> 97
A69: Закупка товаров, работ и услуг для обеспечения государственных (муниципальных) нужд | B69: 921 | C69: 05 | D69: 03 | E69: 10 | F69: 0 | G69: 08 | H69: 43010 | I69: 200 | J69: =J70 -> 89 | K69: =K70 -> 94 | L69: =L70 -> 97
A70: Иные закупки товаров, работ и услуг для обеспечения государственных (муниципальных) нужд | B70: 921 | C70: 05 | D70: 03 | E70: 10 | F70: 0 | G70: 08 | H70: 43010 | I70: 240 | J70: 89 | K70: 94 | L70: 97
A71: Муниципальная программа Пушкинского сельского поселения Ромодановского муниципального района Республики Мордовтя "Комплексное развитие сельских территорий"на 2020-2025гг. | B71: 921 | C71: 05 | D71: 03 | E71: 22 | J71: =J72 -> 8238.3
A72: Подпрограмма "Создание и развитие инфраструктуры на сельских территориях" | B72: 921 | C72: 05 | D72: 03 | E72: 22 | F72: 2 | J72: =J73 -> 8238.3
A73: Основное мероприятие Благоустройство сельских территорий | B73: 921 | C73: 05 | D73: 03 | E73: 22 | F73: 2 | G73: 01 | J73: =J74+J77 -> 8238.3
A74: Субсидии на реализацию мероприятий по благоустройству сельских территорий | B74: 921 | C74: 05 | D74: 03 | E74: 22 | F74: 2 | G74: 01 | H74: L5764 | J74: =J75 -> 5726.6
A75: =A69 -> Закупка товаров, работ и услуг для обеспечения государственных (муниципальных) нужд | B75: 921 | C75: 05 | D75: 03 | E75: 22 | F75: 2 | G75: 01 | H75: L5764 | I75: 200 | J75: =J76 -> 5726.6
A76: =A70 -> Иные закупки товаров, работ и услуг для обеспечения государственных (муниципальных) нужд | B76: 921 | C76: 05 | D76: 03 | E76: 22 | F76: 2 | G76: 01 | H76: L5764 | I76: 240 | J76: 5726.6
A77: Иные межбюджетные трансферты на осуществление полномочий по созданию условий для массового отдыха жителей поселения и организации обустройства мест массового отдыха населения, включая обеспечение свободного доступа граждан к водным объектам общего пользования и их береговым полосам | B77: 921 | C77: 05 | D77: 03 | E77: 22 | F77: 2 | G77: 01 | H77: 44105 | J77: =J78 -> 2511.7
A78: =A75 -> Закупка товаров, работ и услуг для обеспечения государственных (муниципальных) нужд | B78: 921 | C78: 05 | D78: 03 | E78: 22 | F78: 2 | G78: 1 | H78: 44105 | I78: 200 | J78: =J79 -> 2511.7
A79: =A76 -> Иные закупки товаров, работ и услуг для обеспечения государственных (муниципальных) нужд | B79: 921 | C79: 05 | D79: 03 | E79: 22 | F79: 2 | G79: 1 | H79: 44105 | I79: 240 | J79: 2511.7
A80: Социальная политика | B80: 921 | C80: 10 | J80: =J81 -> 41.5 | K80: =K81 -> 41.5 | L80: =L81 -> 41.5
A81: Пенсионное обеспечение | B81: 921 | C81: 10 | D81: 01 | J81: =J82 -> 41.5 | K81: =K82 -> 41.5 | L81: =L82 -> 41.5
A82: Непрограммные расходы главных распорядителей средств бюджета Пушкинского сельского поселения Ромодановского муниципального района Республики Мордовия | B82: 921 | C82: 10 | D82: 01 | E82: 89 | J82: =J83 -> 41.5 | K82: =K83 -> 41.5 | L82: =L83 -> 41.5
A83: Непрограммные расходы в рамках обеспечения деятельности главных распорядителей средств бюджета Пушкинского сельского поселения Ромодановского муниципального района Республики Мордовия | B83: 921 | C83: 10 | D83: 01 | E83: 89 | F83: 1 | J83: =J84 -> 41.5 | K83: =K84 -> 41.5 | L83: =L84 -> 41.5
A84: Доплаты к пенсиям муниципальных служащих Республики Мордовия | B84: 921 | C84: 10 | D84: 01 | E84: 89 | F84: 1 | G84: 00 | H84: 03010 | J84: =J85 -> 41.5 | K84: =K85 -> 41.5 | L84: =L85 -> 41.5
A85: Социальное обеспечение и иные выплаты населению | B85: 921 | C85: 10 | D85: 01 | E85: 89 | F85: 1 | G85: 00 | H85: 03010 | I85: 300 | J85: =J86 -> 41.5 | K85: =K86 -> 41.5 | L85: =L86 -> 41.5
A86: Публичные нормативные социальные выплаты гражданам | B86: 921 | C86: 10 | D86: 01 | E86: 89 | F86: 1 | G86: 00 | H86: 03010 | I86: 310 | J86: 41.5 | K86: 41.5 | L86: 41.5
A87: Условно утвержденные расходы | B87: 921 | C87: 99 | K87: =K88 -> 23.1 | L87: =L88 -> 58
A88: Условно утвержденные расходы | B88: 921 | C88: 99 | D88: 99 | K88: =K89 -> 23.1 | L88: =L89 -> 58
A89: =A10 -> Обеспечение деятельности Администрации Пушкинского сельского поселения Ромодановского муниципального района Республики Мордовия | B89: 921 | C89: 99 | D89: 99 | E89: 65 | K89: =K90 -> 23.1 | L89: =L90 -> 58
A90: Высшее должностное лицо | B90: 921 | C90: 99 | D90: 99 | E90: 65 | F90: 1 | K90: =K91 -> 23.1 | L90: =L91 -> 58
A91: Условно утвержденные расходы | B91: 921 | C91: 99 | D91: 99 | E91: 65 | F91: 1 | G91: 00 | H91: 41990 | K91: =K92 -> 23.1 | L91: =L92 -> 58
A92: Иные бюджетные ассигнования | B92: 921 | C92: 99 | D92: 99 | E92: 65 | F92: 1 | G92: 00 | H92: 41990 | I92: 800 | K92: =K93 -> 23.1 | L92: =L93 -> 58
A93: Резервные средства | B93: 921 | C93: 99 | D93: 99 | E93: 65 | F93: 1 | G93: 00 | H93: 41990 | I93: 870 | K93: 23.1 | L93: 58

Sheet Приложение3
H1: Приложение 3 к решению Совета депутатов Пушкинского сельского поселения Ромодановского муниципального района Республики Мордовия «О бюджете Пушкинского сельского поселеняи Ромодановского муниципального района Республики Мордовия на 2023 год и на плановый период 2024 и 2025 годов»
A2: РАСПРЕДЕЛЕНИЕ БЮДЖЕТНЫХ АССИГНОВАНИЙ БЮДЖЕТА ПУШКИНСКОГО СЕЛЬСКОГО ПОСЕЛЕНИЯ РОМОДАНОВСКОГО МУНИЦИПАЛЬНОГО РАЙОНА РЕСПУБЛИКИ МОРДОВИЯ ПО РАЗДЕЛАМ, ПОДРАЗДЕЛАМ, ЦЕЛЕВЫМ СТАТЬЯМ (МУНИЦИПАЛЬНЫМ ПРОГРАММАМ И НЕПРОГРАММНЫМ НАПРАВЛЕНИЯМ ДЕЯТЕЛЬНОСТИ), ГРУППАМ И ПОДГРУППАМ ВИДОВ РАСХОДОВ КЛАССИФИКАЦИИ РАСХОДОВ БЮДЖЕТОВ НА 2023 ГОД И НА ПЛАНОВЫЙ ПЕРИОД 2024 И 2025 ГОДОВ
H3: (тыс. рублей)
A4: 1 | B4: Рз | C4: Прз | D4: Цср | H4: Вр | I4: Сумма
I5: 2023 год | J5: 2024 год | K5: 2025 год
B6: 2 | C6: 3 | D6: 4 | E6: 5 | F6: 6 | G6: 7 | H6: 8 | I6: 9 | J6: 10 | K6: 11
A7: Всего | I7: =I8+I43+I53+I60+I80 -> 9692.3 | J7: =J8+J43+J53+J60+J80+J87 -> 1271.1 | K7: =K8+K43+K53+K60+K80+K87 -> 1329
A8: Общегосударственные вопросы | B8: 01 | I8: =I9+I18+I37 -> 973.4 | J8: =J9+J18+J37 -> 812.3 | K8: =K9+K18+K37 -> 831
A9: Функционирование высшего должностного лица субъекта Российской Федерации и муниципального образования | B9: 01 | C9: 02 | I9: =I10 -> 320.3 | J9: =J10 -> 302.4 | K9: =K10 -> 280.5
A10: ='Приложение 2'!A10 -> Обеспечение деятельности Администрации Пушкинского сельского поселения Ромодановского муниципального района Республики Мордовия | B10: 01 | C10: 02 | D10: 65 | I10: =I11 -> 320.3 | J10: =J11 -> 302.4 | K10: =K11 -> 280.5
A11: Высшее должностное лицо | B11: 01 | C11: 02 | D11: 65 | E11: 1 | I11: =I12+I15 -> 320.3 | J11: =J12 -> 302.4 | K11: =K12 -> 280.5
A12: Расходы на выплаты по оплате труда высшего должностного лица | B12: 01 | C12: 02 | D12: 65 | E12: 1 | F12: 00 | G12: 41150 | I12: =I13 -> 260.3 | J12: =J13 -> 302.4 | K12: =K13 -> 280.5
A13: Расходы на выплаты персоналу в целях обеспечения выполнения функций государственными (муниципальными) органами, казенными учреждениями, органами управления государственными внебюджетными фондами | B13: 01 | C13: 02 | D13: 65 | E13: 1 | F13: 00 | G13: 41150 | H13: 100 | I13: =I14 -> 260.3 | J13: =J14 -> 302.4 | K13: =K14 -> 280.5
A14: Расходы на выплаты персоналу государственных (муниципальных) органов | B14: 01 | C14: 02 | D14: 65 | E14: 1 | F14: 00 | G14: 41150 | H14: 120 | I14: ='Приложение 2'!J14 -> 260.3 | J14: ='Приложение 2'!K14 -> 302.4 | K14: ='Приложение 2'!L14 -> 280.5
A15: ='Приложение 2'!A15 -> Субсидии на софинансирование расходных обязательств по финансовому обеспечению деятельности органов местного самоуправления и муниципальных учреждений | B15: 01 | C15: 02 | D15: 65 | E15: 1 | F15: 00 | G15: 44205 | I15: =I16 -> 60
A16: =A13 -> Расходы на выплаты персоналу в целях обеспечения выполнения функций государственными (муниципальными) органами, казенными учреждениями, органами управления государственными внебюджетными фондами | B16: 01 | C16: 02 | D16: 65 | E16: 1 | F16: 00 | G16: 44205 | H16: 100 | I16: =I17 -> 60
A17: =A14 -> Расходы на выплаты персоналу государственных (муниципальных) органов | B17: 01 | C17: 02 | D17: 65 | E17: 1 | F17: 00 | G17: 44205 | H17: 120 | I17: ='Приложение 2'!J17 -> 60
A18: ='Приложение 2'!A18 -> Функционирование Правительства Российской Федерации, высших исполнительных органов государственной власти субъектов Российской Федерации, местных администраций | B18: 01 | C18: 04 | I18: =I19+I32 -> 648.1 | J18: =J19 -> 504.9 | K18: =K19 -> 545.5
A19: ='Приложение 2'!A19 -> Обеспечение деятельности Администрации Пушкинского сельского поселения Ромодановского муниципального района Республики Мордовия | B19: 01 | C19: 04 | D19: 65 | I19: =I20 -> 647.8 | J19: =J20+J33 -> 504.9 | K19: =K20+K33 -> 545.5
A20: ='Приложение 2'!A20 -> Расходы в рамках обеспечения деятельности администрации Пушкинского сельского поселения | B20: 01 | C20: 04 | D20: 65 | E20: 2 | I20: =I21+I24+I29 -> 647.8 | J20: =J21+J24 -> 504.6 | K20: =K21 -> 545.2
A21: Расходы на выплаты по оплате труда работников органов местного самоуправления | B21: 01 | C21: 04 | D21: 65 | E21: 2 | F21: 00 | G21: 41110 | I21: =I22 -> 260.3 | J21: =J22 -> 321.5 | K21: =K22+K25 -> 545.2
A22: Расходы на выплаты персоналу в целях обеспечения выполнения функций государственными (муниципальными) органами, казенными учреждениями, органами управления государственными внебюджетными фондами | B22: 01 | C22: 04 | D22: 65 | E22: 2 | F22: 00 | G22: 41110 | H22: 100 | I22: =I23 -> 260.3 | J22: =J23 -> 321.5 | K22: =K23 -> 315
A23: Расходы на выплаты персоналу государственных (муниципальных) органов | B23: 01 | C23: 04 | D23: 65 | E23: 2 | F23: 00 | G23: 41110 | H23: 120 | I23: ='Приложение 2'!J23 -> 260.3 | J23: ='Приложение 2'!K23 -> 321.5 | K23: ='Приложение 2'!L23 -> 315
A24: Расходы на обеспечение функций органов местного самоуправления | B24: 01 | C24: 04 | D24: 65 | E24: 2 | F24: 00 | G24: 41120 | I24: =I25+I27 -> 327.5 | J24: =J25+J27 -> 183.1 | K24: =K25 -> 230.2
A25: Закупка товаров, работ и услуг для обеспечения государственных (муниципальных) нужд | B25: 01 | C25: 04 | D25: 65 | E25: 2 | F25: 00 | G25: 41120 | H25: 200 | I25: =I26 -> 321.5 | J25: =J26 -> 177.1 | K25: =+K26+K28 -> 230.2
A26: Иные закупки товаров, работ и услуг для обеспечения государственных (муниципальных) нужд | B26: 01 | C26: 04 | D26: 65 | E26: 2 | F26: 00 | G26: 41120 | H26: 240 | I26: ='Приложение 2'!J26 -> 321.5 | J26: ='Приложение 2'!K26 -> 177.1 | K26: ='Приложение 2'!L26 -> 224.2
A27: Иные бюджетные ассигнования | B27: 01 | C27: 04 | D27: 65 | E27: 2 | F27: 00 | G27: 41120 | H27: 800 | I27: =I28 -> 6 | J27: =J28 -> 6 | K27: =K28 -> 6
A28: Уплата налогов, сборов и иных платежей | B28: 01 | C28: 04 | D28: 65 | E28: 2 | F28: 00 | G28: 41120 | H28: 850 | I28: ='Приложение 2'!J28 -> 6 | J28: ='Приложение 2'!K28 -> 6 | K28: ='Приложение 2'!L28 -> 6
A29: =A15 -> Субсидии на софинансирование расходных обязательств по финансовому обеспечению деятельности органов местного самоуправления и муниципальных учреждений | B29: 01 | C29: 04 | D29: 65 | E29: 2 | F29: 00 | G29: 44205 | I29: =I30 -> 60
A30: =A22 -> Расходы на выплаты персоналу в целях обеспечения выполнения функций государственными (муниципальными) органами, казенными учреждениями, органами управления государственными внебюджетными фондами | B30: 01 | C30: 04 | D30: 65 | E30: 2 | F30: 00 | G30: 44205 | H30: 100 | I30: =I31 -> 60
A31: =A23 -> Расходы на выплаты персоналу государственных (муниципальных) органов | B31: 01 | C31: 04 | D31: 65 | E31: 2 | F31: 00 | G31: 44205 | H31: 120 | I31: ='Приложение 2'!J31 -> 60
A32: ='Приложение 2'!A32 -> Непрограммные расходы главных распорядителей средств бюджета Пушкинского сельского поселения Ромодановского муниципального района Республики Мордовия | B32: 01 | C32: 04 | D32: 89 | I32: =I33 -> 0.3 | J32: =J33 -> 0.3 | K32: =K33 -> 0.3
A33: ='Приложение 2'!A33 -> Непрограммные расходы в рамках обеспечения деятельности главных распорядителей средств бюджета Пушкинского сельского поселения Ромодановского муниципального района Республики Мордовия | B33: 01 | C33: 04 | D33: 89 | E33: 1 | I33: =I34 -> 0.3 | J33: =J34 -> 0.3 | K33: =K34 -> 0.3
A34: Осуществление государственных полномочий Республики Мордовия по определению перечня должностных лиц, уполномоченных составлять протоколы об административных правонарушениях, предусмотренных Законом Республики Мордовия от 15 июня 2015 года № 38-З "Об административной ответственности на территории Республики Мордовия" | B34: 01 | C34: 04 | D34: 89 | E34: 1 | F34: 00 | G34: 77150 | I34: =I35 -> 0.3 | J34: =J35 -> 0.3 | K34: =K35 -> 0.3
A35: Закупка товаров, работ и услуг для обеспечения государственных (муниципальных) нужд | B35: 01 | C35: 04 | D35: 89 | E35: 1 | F35: 00 | G35: 77150 | H35: 200 | I35: =I36 -> 0.3 | J35: =J36 -> 0.3 | K35: =K36 -> 0.3
A36: Иные закупки товаров, работ и услуг для обеспечения государственных (муниципальных) нужд | B36: 01 | C36: 04 | D36: 89 | E36: 1 | F36: 00 | G36: 77150 | H36: 240 | I36: ='Приложение 2'!J36 -> 0.3 | J36: ='Приложение 2'!K36 -> 0.3 | K36: ='Приложение 2'!L36 -> 0.3
A37: Резервные фонды | B37: 01 | C37: 11 | I37: =I38 -> 5 | J37: =J38 -> 5 | K37: =K38 -> 5
A38: ='Приложение 2'!A38 -> Непрограммные расходы главных распорядителей средств бюджета Пушкинского сельского поселения Ромодановского муниципального района Республики Мордовия | B38: 01 | C38: 11 | D38: 89 | I38: =I39 -> 5 | J38: =J39 -> 5 | K38: =K39 -> 5
A39: ='Приложение 2'!A39 -> Непрограммные расходы в рамках обеспечения деятельности главных распорядителей средств бюджета Пушкинского сельского поселения Ромодановского муниципального района Республики Мордовия | B39: 01 | C39: 11 | D39: 89 | E39: 1 | I39: =I40 -> 5 | J39: =J40 -> 5 | K39: =K40 -> 5
A40: Резервный фонд администрации Пушкинского сельского поселени Ромодановского муниципального района Республики Мордовия | B40: 01 | C40: 11 | D40: 89 | E40: 1 | F40: 00 | G40: 41180 | I40: =I41 -> 5 | J40: =J41 -> 5 | K40: =K41 -> 5
A41: Иные бюджетные ассигнования | B41: 01 | C41: 11 | D41: 89 | E41: 1 | F41: 00 | G41: 41180 | H41: 800 | I41: =I42 -> 5 | J41: =J42 -> 5 | K41: =K42 -> 5
A42: Резервные средства | B42: 01 | C42: 11 | D42: 89 | E42: 1 | F42: 00 | G42: 41180 | H42: 870 | I42: ='Приложение 2'!J42 -> 5 | J42: ='Приложение 2'!K42 -> 5 | K42: ='Приложение 2'!L42 -> 5
A43: ='Приложение 2'!A43 -> Национальная оборона | B43: 02 | I43: =I44 -> 109.3 | J43: =J44 -> 114.4 | K43: =K44 -> 118.7
A44: Мобилизационная и вневойсковая подготовка | B44: 02 | C44: 03 | I44: =I45 -> 109.3 | J44: =J45 -> 114.4 | K44: =K45 -> 118.7
A45: ='Приложение 2'!A45 -> Государственная программа повышения эффективности управления государственными финансами в Республике Мордовия | B45: 02 | C45: 03 | D45: 17 | I45: =I46 -> 109.3 | J45: =J46 -> 114.4 | K45: =K46 -> 118.7
A46: Подпрограмма "Повышения эффективности межбюджетных отношений" | B46: 02 | C46: 03 | D46: 17 | E46: 3 | I46: =I47 -> 109.3 | J46: =J47 -> 114.4 | K46: =K47 -> 118.7
A47: ='Приложение 2'!A47 -> Основное мероприятие "Обеспечение и осуществления органами местного самоуправления отдельных государственных полномочий" | B47: 02 | C47: 03 | D47: 17 | E47: 3 | F47: 02 | I47: =I48 -> 109.3 | J47: =J48 -> 114.4 | K47: =K48 -> 118.7
A48: ='Приложение 2'!A48 -> Осуществление государственных полномочий Российской Федерации по первичному воинскому учету на территориях, где отсутствуют военные комиссариаты | B48: 02 | C48: 03 | D48: 17 | E48: 3 | F48: 02 | G48: 51180 | I48: =I49 -> 109.3 | J48: =J49 -> 114.4 | K48: =K49 -> 118.7
A49: Расходы на выплаты персоналу в целях обеспечения выполнения функций государственными (муниципальными) органами, казенными учреждениями, органами управления государственными внебюджетными фондами | B49: 02 | C49: 03 | D49: 17 | E49: 3 | F49: 02 | G49: 51180 | H49: 100 | I49: =I52+I50 -> 109.3 | J49: =J52+J50 -> 114.4 | K49: =K52+K50 -> 118.7
A50: Расходы на выплаты персоналу государственных (муниципальных) органов | B50: 02 | C50: 03 | D50: 17 | E50: 3 | F50: 02 | G50: 51180 | H50: 120 | I50: =I51 -> 104.3 | J50: =J51 -> 109.4 | K50: =K51 -> 113.7
A51: Закупка товаров, работ и услуг для обеспечения государственных (муниципальных) нужд | B51: 02 | C51: 03 | D51: 17 | E51: 3 | F51: 02 | G51: 51180 | H51: 200 | I51: ='Приложение 2'!J50 -> 104.3 | J51: ='Приложение 2'!K50 -> 109.4 | K51: ='Приложение 2'!L50 -> 113.7
A52: Иные закупки товаров, работ и услуг для обеспечения государственных (муниципальных) нужд | B52: 02 | C52: 03 | D52: 17 | E52: 3 | F52: 02 | G52: 51180 | H52: 240 | I52: ='Приложение 2'!J52 -> 5 | J52: ='Приложение 2'!K52 -> 5 | K52: ='Приложение 2'!L52 -> 5
A53: Национальная экономика | B53: 04 | I53: =I54 -> 159.8 | J53: =J54 -> 159.8 | K53: =K54 -> 159.8
A54: Дорожное хозяйство (дорожные фонды) | B54: 04 | C54: 09 | I54: =I55 -> 159.8 | J54: =J55 -> 159.8 | K54: =K55 -> 159.8
A55: ='Приложение 2'!A55 -> Муниципальная программа «Комплексного развития транспортной инфраструктуры Пушкинского сельского поселения Ромодановского муниципального района Республики Мордовия на 2018- 2028 года" | B55: 04 | C55: 09 | D55: 13 | I55: =I56 -> 159.8 | J55: =J56 -> 159.8 | K55: =K56 -> 159.8
A56: ='Приложение 2'!A56 -> Основное мероприятие "Ремонт и содержание дорог в границах поселения,поддержание дорожного полотна в работоспособном состоянии " | B56: 04 | C56: 09 | D56: 13 | E56: 0 | F56: 01 | I56: =I57 -> 159.8 | J56: =J57 -> 159.8 | K56: =K57 -> 159.8
A57: ='Приложение 2'!A57 -> Иные межбюджетные трансферты на осуществление полномочий по дорожной деятельности в отношении автомобильных дорог местного значения в границах населенных пунктов поселения и обеспечению безопасности дорожного движения на них, включая создание и обеспечение функционирования парковок (парковочных мест), осуществлению муниципального контроля за сохранностью автомобильных дорог местного значения в границах населенных пунктов поселения, организации дорожного движения, а также осуществлению иных полномочий в области использования автомобильных дорог и осуществления дорожной деятельности в соответствии с законодательством Российской Федерации | B57: 04 | C57: 09 | D57: 13 | E57: 0 | F57: 01 | G57: 44102 | I57: =I58 -> 159.8 | J57: =J58 -> 159.8 | K57: =K58 -> 159.8
A58: Закупка товаров, работ и услуг для обеспечения государственных (муниципальных) нужд | B58: 04 | C58: 09 | D58: 13 | E58: 0 | F58: 01 | G58: 44102 | H58: 200 | I58: =I59 -> 159.8 | J58: =J59 -> 159.8 | K58: =K59 -> 159.8
A59: Иные закупки товаров, работ и услуг для обеспечения государственных (муниципальных) нужд | B59: 04 | C59: 09 | D59: 13 | E59: 0 | F59: 01 | G59: 44102 | H59: 240 | I59: ='Приложение 2'!J59 -> 159.8 | J59: ='Приложение 2'!K59 -> 159.8 | K59: ='Приложение 2'!L59 -> 159.8
A60: Жилищно-коммунальное хозяйство | B60: 05 | I60: =I61 -> 8408.3 | J60: =J62 -> 120 | K60: =K62 -> 120
A61: Благоустройство | B61: 05 | C61: 03 | I61: =I62+I71 -> 8408.3 | J61: =J62 -> 120 | K61: =K62 -> 120
A62: ='Приложение 2'!A62 -> Муниципальная программа "Комплексного развития социальной инфраструктуры Пушкинского сельского поселения Ромодановского муниципального района Республики Мордовия на 2018-2028 года" | B62: 05 | C62: 03 | D62: 10 | I62: =I67+I63 -> 170 | J62: =J67+J63 -> 120 | K62: =K67+K63 -> 120
A63: ='Приложение 2'!A63 -> Основное мероприятие "Благоустройство территории " | B63: 05 | C63: 03 | D63: 10 | E63: 0 | F63: 07 | I63: =I64 -> 81 | J63: =J64 -> 26 | K63: =K64 -> 23
A64: Прочие мероприятия по благоустройству | B64: 05 | C64: 03 | D64: 10 | E64: 0 | F64: 07 | G64: 43040 | I64: =I65 -> 81 | J64: =J65 -> 26 | K64: =K65 -> 23
A65: Закупка товаров, работ и услуг для обеспечения государственных (муниципальных) нужд | B65: 05 | C65: 03 | D65: 10 | E65: 0 | F65: 07 | G65: 43040 | H65: 200 | I65: =I66 -> 81 | J65: =J66 -> 26 | K65: =K66 -> 23
A66: Иные закупки товаров, работ и услуг для обеспечения государственных (муниципальных) нужд | B66: 05 | C66: 03 | D66: 10 | E66: 0 | F66: 07 | G66: 43040 | H66: 240 | I66: ='Приложение 2'!J66 -> 81 | J66: ='Приложение 2'!K66 -> 26 | K66: ='Приложение 2'!L66 -> 23
A67: ='Приложение 2'!A67 -> Основное мероприятие "Освещение территории сельского поселения" | B67: 05 | C67: 03 | D67: 10 | E67: 0 | F67: 08 | I67: =I68 -> 89 | J67: =J68 -> 94 | K67: =K68 -> 97
A68: Уличное освещение | B68: 05 | C68: 03 | D68: 10 | E68: 0 | F68: 08 | G68: 43010 | I68: =I69 -> 89 | J68: =J69 -> 94 | K68: =K69 -> 97
A69: Закупка товаров, работ и услуг для обеспечения государственных (муниципальных) нужд | B69: 05 | C69: 03 | D69: 10 | E69: 0 | F69: 08 | G69: 43010 | H69: 200 | I69: =I70 -> 89 | J69: =J70 -> 94 | K69: =K70 -> 97
A70: Иные закупки товаров, работ и услуг для обеспечения государственных (муниципальных) нужд | B70: 05 | C70: 03 | D70: 10 | E70: 0 | F70: 08 | G70: 43010 | H70: 240 | I70: ='Приложение 2'!J70 -> 89 | J70: ='Приложение 2'!K70 -> 94 | K70: ='Приложение 2'!L70 -> 97
A71: ='Приложение 2'!A71 -> Муниципальная программа Пушкинского сельского поселения Ромодановского муниципального района Республики Мордовтя "Комплексное развитие сельских территорий"на 2020-2025гг. | B71: 05 | C71: 03 | D71: 22 | I71: =I72 -> 8238.3
A72: ='Приложение 2'!A72 -> Подпрограмма "Создание и развитие инфраструктуры на сельских территориях" | B72: 05 | C72: 03 | D72: 22 | E72: 2 | I72: =I73 -> 8238.3
A73: ='Приложение 2'!A73 -> Основное мероприятие Благоустройство сельских территорий | B73: 05 | C73: 03 | D73: 22 | E73: 2 | F73: 01 | I73: =I74+I77 -> 8238.3
A74: ='Приложение 2'!A74 -> Субсидии на реализацию мероприятий по благоустройству сельских территорий | B74: 05 | C74: 03 | D74: 22 | E74: 2 | F74: 01 | G74: L5764 | I74: =I75 -> 5726.6
A75: ='Приложение 2'!A75 -> Закупка товаров, работ и услуг для обеспечения государственных (муниципальных) нужд | B75: 05 | C75: 03 | D75: 22 | E75: 2 | F75: 01 | G75: L5764 | H75: 200 | I75: =I76 -> 5726.6
A76: ='Приложение 2'!A76 -> Иные закупки товаров, работ и услуг для обеспечения государственных (муниципальных) нужд | B76: 05 | C76: 03 | D76: 22 | E76: 2 | F76: 01 | G76: L5764 | H76: 240 | I76: ='Приложение 2'!J76 -> 5726.6
A77: ='Приложение 2'!A77 -> Иные межбюджетные трансферты на осуществление полномочий по созданию условий для массового отдыха жителей поселения и организации обустройства мест массового отдыха населения, включая обеспечение свободного доступа граждан к водным объектам общего пользования и их береговым полосам | B77: 05 | C77: 03 | D77: 22 | E77: 2 | F77: 01 | G77: 44105 | I77: =I78 -> 2511.7
A78: ='Приложение 2'!A78 -> Закупка товаров, работ и услуг для обеспечения государственных (муниципальных) нужд | B78: 05 | C78: 03 | D78: 22 | E78: 2 | F78: 01 | G78: 44102 | H78: 200 | I78: =I79 -> 2511.7
A79: ='Приложение 2'!A79 -> Иные закупки товаров, работ и услуг для обеспечения государственных (муниципальных) нужд | B79: 05 | C79: 03 | D79: 22 | E79: 2 | F79: 01 | G79: 44102 | H79: 240 | I79: ='Приложение 2'!J79 -> 2511.7
A80: Социальная политика | B80: 10 | I80: =I81 -> 41.5 | J80: =J81 -> 41.5 | K80: =K81 -> 41.5
A81: Пенсионное обеспечение | B81: 10 | C81: 01 | I81: =I82 -> 41.5 | J81: =J82 -> 41.5 | K81: =K82 -> 41.5
A82: ='Приложение 2'!A82 -> Непрограммные расходы главных распорядителей средств бюджета Пушкинского сельского поселения Ромодановского муниципального района Республики Мордовия | B82: 10 | C82: 01 | D82: 89 | I82: =I83 -> 41.5 | J82: =J83 -> 41.5 | K82: =K83 -> 41.5
A83: ='Приложение 2'!A83 -> Непрограммные расходы в рамках обеспечения деятельности главных распорядителей средств бюджета Пушкинского сельского поселения Ромодановского муниципального района Республики Мордовия | B83: 10 | C83: 01 | D83: 89 | E83: 1 | I83: =I84 -> 41.5 | J83: =J84 -> 41.5 | K83: =K84 -> 41.5
A84: Доплаты к пенсиям муниципальных служащих Республики Мордовия | B84: 10 | C84: 01 | D84: 89 | E84: 1 | F84: 00 | G84: 03010 | I84: =I85 -> 41.5 | J84: =J85 -> 41.5 | K84: =K85 -> 41.5
A85: Социальное обеспечение и иные выплаты населению | B85: 10 | C85: 01 | D85: 89 | E85: 1 | F85: 00 | G85: 03010 | H85: 300 | I85: =I86 -> 41.5 | J85: =J86 -> 41.5 | K85: =K86 -> 41.5
A86: Публичные нормативные социальные выплаты гражданам | B86: 10 | C86: 01 | D86: 89 | E86: 1 | F86: 00 | G86: 03010 | H86: 310 | I86: ='Приложение 2'!J86 -> 41.5 | J86: ='Приложение 2'!K86 -> 41.5 | K86: ='Приложение 2'!L86 -> 41.5
A87: ='Приложение 2'!A87 -> Условно утвержденные расходы | B87: 99 | J87: ='Приложение 2'!K87 -> 23.1 | K87: =K88 -> 58
A88: ='Приложение 2'!A88 -> Условно утвержденные расходы | B88: 99 | C88: 99 | J88: ='Приложение 2'!K88 -> 23.1 | K88: =K89 -> 58
A89: ='Приложение 2'!A89 -> Обеспечение деятельности Администрации Пушкинского сельского поселения Ромодановского муниципального района Республики Мордовия | B89: 99 | C89: 99 | D89: 65 | J89: ='Приложение 2'!K89 -> 23.1 | K89: =K90 -> 58
A90: ='Приложение 2'!A90 -> Высшее должностное лицо | B90: 99 | C90: 99 | D90: 65 | E90: 1 | J90: ='Приложение 2'!K90 -> 23.1 | K90: =K91 -> 58
A91: ='Приложение 2'!A91 -> Условно утвержденные расходы | B91: 99 | C91: 99 | D91: 65 | E91: 1 | F91: 00 | G91: 41990 | J91: ='Приложение 2'!K91 -> 23.1 | K91: =K92 -> 58
A92: ='Приложение 2'!A92 -> Иные бюджетные ассигнования | B92: 99 | C92: 99 | D92: 65 | E92: 1 | F92: 00 | G92: 41990 | H92: 800 | J92: ='Приложение 2'!K92 -> 23.1 | K92: =K93 -> 58
A93: ='Приложение 2'!A93 -> Резервные средства | B93: 99 | C93: 99 | D93: 65 | E93: 1 | F93: 00 | G93: 41990 | H93: 870 | J93: ='Приложение 2'!K93 -> 23.1 | K93: ='Приложение 2'!L93 -> 58

Sheet Приложение4
I1: Приложение 4 к решению Совета депутатов Пушкинского сельского поселения Ромодановского муниципального района Республики Мордовия «О бюджете Пушкинского сельского поселения Ромодановского муниципального района Республики Мордовия на 2023 год и на плановый период 2024 и 2025 годов»
A2: РАСПРЕДЕЛЕНИЕ БЮДЖЕТНЫХ АССИГНОВАНИЙ БЮДЖЕТА ПУШКИНСКОГО СЕЛЬСКОГО ПОСЕЛЕНИЯ РОМОДАНОВСКОГО МУНИЦИПАЛЬНОГО РАЙОНА РЕСПУБЛИКИ МОРДОВИЯ ПО ЦЕЛЕВЫМ СТАТЬЯМ (МУНИЦИПАЛЬНЫМ ПРОГРАММАМ И НЕПРОГРАММНЫМ НАПРАВЛЕНИЯМ ДЕЯТЕЛЬНОСТИ), ГРУППАМ И ПОДГРУППАМ ВИДОВ РАСХОДОВ, РАЗДЕЛАМ И ПОДРАЗДЕЛАМ КЛАССИФИКАЦИИ РАСХОДОВ БЮДЖЕТОВ НА 2023 ГОД И НА ПЛАНОВЫЙ ПЕРИОД 2024 И 2025 ГОДОВ
I3: (тыс. рублей)
A4: Наименование | B4: Цср | F4: ВР | G4: Рз | H4: Прз | I4: Адм | J4: Сумма
J5: 2023 год | K5: 2024 год | L5: 2025 год
A6: 1 | B6: 2 | C6: 3 | D6: 4 | E6: 5 | F6: 6 | G6: 7 | H6: 8 | I6: 9 | J6: 10 | K6: 11 | L6: 12
A7: ВСЕГО | J7: =J8+J23+J31+J60+J104+J45+J54 -> 9692.3 | K7: =K8+K23+K31+K60+K104 -> 1271.1 | L7: =L8+L23+L31+L60+L104 -> 1329
A8: ='Приложение 2'!A62 -> Муниципальная программа "Комплексного развития социальной инфраструктуры Пушкинского сельского поселения Ромодановского муниципального района Республики Мордовия на 2018-2028 года" | B8: 10 | J8: =J9+J16 -> 170 | K8: =K16+K9 -> 120 | L8: =L16+L9 -> 120
A9: ='Приложение 2'!A63 -> Основное мероприятие "Благоустройство территории " | B9: 10 | C9: 0 | D9: 07 | J9: =J10 -> 81 | K9: =K10 -> 26 | L9: =L10 -> 23
A10: Прочие мероприятия по благоустройству | B10: 10 | C10: 0 | D10: 07 | E10: 43040 | J10: =J11 -> 81 | K10: =K11 -> 26 | L10: =L11 -> 23
A11: Закупка товаров, работ и услуг для обеспечения государственных (муниципальных) нужд | B11: 10 | C11: 0 | D11: 07 | E11: 43040 | F11: 200 | J11: =J12 -> 81 | K11: =K12 -> 26 | L11: =L12 -> 23
A12: Иные закупки товаров, работ и услуг для обеспечения государственных (муниципальных) нужд | B12: 10 | C12: 0 | D12: 07 | E12: 43040 | F12: 240 | J12: =J13 -> 81 | K12: =K13 -> 26 | L12: =L13 -> 23
A13: Жилищно-коммунальное хозяйство | B13: 10 | C13: 0 | D13: 07 | E13: 43040 | F13: 240 | G13: 05 | J13: =J14 -> 81 | K13: =K14 -> 26 | L13: =L14 -> 23
A14: Благоустройство | B14: 10 | C14: 0 | D14: 07 | E14: 43040 | F14: 240 | G14: 05 | H14: 03 | J14: =J15 -> 81 | K14: =K15 -> 26 | L14: =L15 -> 23
A15: Администрация Пушкинского сельского поселения Ромодановского муниципального района Республики Мордовия | B15: 10 | C15: 0 | D15: 07 | E15: 43040 | F15: 240 | G15: 05 | H15: 03 | I15: 921 | J15: ='Приложение 2'!J66 -> 81 | K15: ='Приложение 2'!K66 -> 26 | L15: ='Приложение 2'!L66 -> 23
A16: ='Приложение 2'!A67 -> Основное мероприятие "Освещение территории сельского поселения" | B16: 10 | C16: 0 | D16: 08 | J16: =J17 -> 89 | K16: =K17 -> 94 | L16: =L17 -> 97
A17: Уличное освещение | B17: 10 | C17: 0 | D17: 08 | E17: 43010 | J17: =J18 -> 89 | K17: =K18 -> 94 | L17: =L18 -> 97
A18: Закупка товаров, работ и услуг для обеспечения государственных (муниципальных) нужд | B18: 10 | C18: 0 | D18: 08 | E18: 43010 | F18: 200 | J18: =J19 -> 89 | K18: =K19 -> 94 | L18: =L19 -> 97
A19: Иные закупки товаров, работ и услуг для обеспечения государственных (муниципальных) нужд | B19: 10 | C19: 0 | D19: 08 | E19: 43010 | F19: 240 | J19: =J20 -> 89 | K19: =K20 -> 94 | L19: =L20 -> 97
A20: Жилищно-коммунальное хозяйство | B20: 10 | C20: 0 | D20: 08 | E20: 43010 | F20: 240 | G20: 05 | J20: =J21 -> 89 | K20: =K21 -> 94 | L20: =L21 -> 97
A21: Благоустройство | B21: 10 | C21: 0 | D21: 08 | E21: 43010 | F21: 240 | G21: 05 | H21: 03 | J21: =J22 -> 89 | K21: =K22 -> 94 | L21: =L22 -> 97
A22: Администрация Пушкинского сельского поселения Ромодановского муниципального района Республики Мордовия | B22: 10 | C22: 0 | D22: 08 | E22: 43010 | F22: 240 | G22: 05 | H22: 03 | I22: 921 | J22: ='Приложение 2'!J70 -> 89 | K22: ='Приложение 2'!K70 -> 94 | L22: ='Приложение 2'!L70 -> 97
A23: ='Приложение 2'!A55 -> Муниципальная программа «Комплексного развития транспортной инфраструктуры Пушкинского сельского поселения Ромодановского муниципального района Республики Мордовия на 2018- 2028 года" | B23: 13 | J23: =J24 -> 159.8 | K23: =K24 -> 159.8 | L23: =L24 -> 159.8
A24: ='Приложение 2'!A56 -> Основное мероприятие "Ремонт и содержание дорог в границах поселения,поддержание дорожного полотна в работоспособном состоянии " | B24: 13 | C24: 0 | D24: 01 | J24: =J25 -> 159.8 | K24: =K25 -> 159.8 | L24: =L25 -> 159.8
A25: ='Приложение 2'!A57 -> Иные межбюджетные трансферты на осуществление полномочий по дорожной деятельности в отношении автомобильных дорог местного значения в границах населенных пунктов поселения и обеспечению безопасности дорожного движения на них, включая создание и обеспечение функционирования парковок (парковочных мест), осуществлению муниципального контроля за сохранностью автомобильных дорог местного значения в границах населенных пунктов поселения, организации дорожного движения, а также осуществлению иных полномочий в области использования автомобильных дорог и осуществления дорожной деятельности в соответствии с законодательством Российской Федерации | B25: 13 | C25: 0 | D25: 01 | E25: 44102 | J25: =J26 -> 159.8 | K25: =K26 -> 159.8 | L25: =L26 -> 159.8
A26: Закупка товаров, работ и услуг для обеспечения государственных (муниципальных) нужд | B26: 13 | C26: 0 | D26: 01 | E26: 44102 | F26: 200 | J26: =J27 -> 159.8 | K26: =K27 -> 159.8 | L26: =L27 -> 159.8
A27: Иные закупки товаров, работ и услуг для обеспечения государственных (муниципальных) нужд | B27: 13 | C27: 0 | D27: 01 | E27: 44102 | F27: 240 | J27: =J28 -> 159.8 | K27: =K28 -> 159.8 | L27: =L28 -> 159.8
A28: Национальная экономика | B28: 13 | C28: 0 | D28: 01 | E28: 44102 | F28: 240 | G28: 04 | J28: =J29 -> 159.8 | K28: =K29 -> 159.8 | L28: =L29 -> 159.8
A29: ='Приложение 2'!A54 -> Дорожное хозяйство (дорожные фонды) | B29: 13 | C29: 0 | D29: 01 | E29: 44102 | F29: 240 | G29: 04 | H29: 09 | J29: =J30 -> 159.8 | K29: =K30 -> 159.8 | L29: =L30 -> 159.8
A30: Администрация Пушкинского сельского поселения Ромодановского муниципального района Республики Мордовия | B30: 13 | C30: 0 | D30: 01 | E30: 44102 | F30: 240 | G30: 04 | H30: 09 | I30: 921 | J30: ='Приложение 2'!J59 -> 159.8 | K30: ='Приложение 2'!K59 -> 159.8 | L30: ='Приложение 2'!L59 -> 159.8
A31: ='Приложение 2'!A45 -> Государственная программа повышения эффективности управления государственными финансами в Республике Мордовия | B31: 17 | J31: =J32 -> 109.3 | K31: =K32 -> 114.4 | L31: =L32 -> 118.7
A32: Подпрограмма "Повышения эффективности межбюджетных отношений" | B32: 17 | C32: 3 | J32: =J33 -> 109.3 | K32: =K33 -> 114.4 | L32: =L33 -> 118.7
A33: ='Приложение 2'!A47 -> Основное мероприятие "Обеспечение и осуществления органами местного самоуправления отдельных государственных полномочий" | B33: 17 | C33: 3 | D33: 02 | J33: =J34 -> 109.3 | K33: =K34 -> 114.4 | L33: =L34 -> 118.7
A34: ='Приложение 2'!A48 -> Осуществление государственных полномочий Российской Федерации по первичному воинскому учету на территориях, где отсутствуют военные комиссариаты | B34: 17 | C34: 3 | D34: 02 | E34: 51180 | J34: =J40+J35 -> 109.3 | K34: =K40+K35 -> 114.4 | L34: =L40+L35 -> 118.7
A35: Расходы на выплаты персоналу в целях обеспечения выполнения функций государственными (муниципальными) органами, казенными учреждениями, органами управления государственными внебюджетными фондами | B35: 17 | C35: 3 | D35: 02 | E35: 51180 | F35: 100 | J35: =J36 -> 104.3 | K35: =K36 -> 109.4 | L35: =L36 -> 113.7
A36: Расходы на выплаты персоналу государственных (муниципальных) органов | B36: 17 | C36: 3 | D36: 02 | E36: 51180 | F36: 120 | J36: =J37 -> 104.3 | K36: =K37 -> 109.4 | L36: =L37 -> 113.7
A37: Национальная оборона | B37: 17 | C37: 3 | D37: 02 | E37: 51180 | F37: 120 | G37: 02 | J37: =J38 -> 104.3 | K37: =K38 -> 109.4 | L37: =L38 -> 113.7
A38: Мобилизация и вневойсковая подготовка | B38: 17 | C38: 3 | D38: 02 | E38: 51180 | F38: 120 | G38: 02 | H38: 03 | J38: =J39 -> 104.3 | K38: =K39 -> 109.4 | L38: =L39 -> 113.7
A39: Администрация Пушкинского сельского поселения Ромодановского муниципального района Республики Мордовия | B39: 17 | C39: 3 | D39: 02 | E39: 51180 | F39: 120 | G39: 02 | H39: 03 | I39: 921 | J39: ='Приложение 2'!J50 -> 104.3 | K39: ='Приложение 2'!K50 -> 109.4 | L39: ='Приложение 2'!L50 -> 113.7
A40: Закупка товаров, работ и услуг для обеспечения государственных (муниципальных) нужд | B40: 17 | C40: 3 | D40: 02 | E40: 51180 | F40: 200 | J40: =J41 -> 5 | K40: =K41 -> 5 | L40: =L41 -> 5
A41: Иные закупки товаров, работ и услуг для обеспечения государственных (муниципальных) нужд | B41: 17 | C41: 3 | D41: 02 | E41: 51180 | F41: 240 | J41: =J42 -> 5 | K41: =K42 -> 5 | L41: =L42 -> 5
A42: Национальная оборона | B42: 17 | C42: 3 | D42: 02 | E42: 51180 | F42: 240 | G42: 02 | J42: =J43 -> 5 | K42: =K43 -> 5 | L42: =L43 -> 5
A43: Мобилизационная и вневойсковая подготовка | B43: 17 | C43: 3 | D43: 02 | E43: 51180 | F43: 240 | G43: 02 | H43: 03 | J43: =J44 -> 5 | K43: =K44 -> 5 | L43: =L44 -> 5
A44: Администрация Пушкинского сельского поселения Ромодановского муниципального района Республики Мордовия | B44: 17 | C44: 3 | D44: 02 | E44: 51180 | F44: 240 | G44: 02 | H44: 03 | I44: 921 | J44: ='Приложение 2'!J52 -> 5 | K44: ='Приложение 2'!K52 -> 5 | L44: ='Приложение 2'!L52 -> 5
A45: ='Приложение 2'!A71 -> Муниципальная программа Пушкинского сельского поселения Ромодановского муниципального района Республики Мордовтя "Комплексное развитие сельских территорий"на 2020-2025гг. | B45: 22 | J45: =J46 -> 5726.6
A46: ='Приложение 2'!A72 -> Подпрограмма "Создание и развитие инфраструктуры на сельских территориях" | B46: 22 | C46: 2 | J46: =J47 -> 5726.6
A47: ='Приложение 2'!A73 -> Основное мероприятие Благоустройство сельских территорий | B47: 22 | C47: 2 | D47: 01 | J47: =J48 -> 5726.6
A48: ='Приложение 2'!A74 -> Субсидии на реализацию мероприятий по благоустройству сельских территорий | B48: 22 | C48: 2 | D48: 01 | E48: L5764 | J48: =J49 -> 5726.6
A49: ='Приложение 2'!A75 -> Закупка товаров, работ и услуг для обеспечения государственных (муниципальных) нужд | B49: 22 | C49: 2 | D49: 01 | E49: L5764 | F49: 200 | J49: =J50 -> 5726.6
A50: ='Приложение 2'!A76 -> Иные закупки товаров, работ и услуг для обеспечения государственных (муниципальных) нужд | B50: 22 | C50: 2 | D50: 01 | E50: L5764 | F50: 240 | J50: =J51 -> 5726.6
A51: ='Приложение 2'!A60 -> Жилищно-коммунальное хозяйство | B51: 22 | C51: 2 | D51: 01 | E51: L5764 | F51: 240 | G51: 05 | J51: =J52 -> 5726.6
A52: ='Приложение 2'!A61 -> Благоустройство | B52: 22 | C52: 2 | D52: 01 | E52: L5764 | F52: 240 | G52: 05 | H52: 03 | J52: =J53 -> 5726.6
A53: =A44 -> Администрация Пушкинского сельского поселения Ромодановского муниципального района Республики Мордовия | B53: 22 | C53: 2 | D53: 01 | E53: L5764 | F53: 240 | G53: 05 | H53: 03 | I53: 921 | J53: ='Приложение 2'!J76 -> 5726.6
A54: ='Приложение 2'!A77 -> Иные межбюджетные трансферты на осуществление полномочий по созданию условий для массового отдыха жителей поселения и организации обустройства мест массового отдыха населения, включая обеспечение свободного доступа граждан к водным объектам общего пользования и их береговым полосам | B54: 22 | C54: 2 | D54: 01 | E54: 44105 | J54: =J55 -> 2511.7
A55: =A49 -> Закупка товаров, работ и услуг для обеспечения государственных (муниципальных) нужд | B55: 22 | C55: 2 | D55: 01 | E55: 44105 | F55: 200 | J55: =J56 -> 2511.7
A56: =A50 -> Иные закупки товаров, работ и услуг для обеспечения государственных (муниципальных) нужд | B56: 22 | C56: 2 | D56: 01 | E56: 44105 | F56: 240 | J56: =J57 -> 2511.7
A57: =A51 -> Жилищно-коммунальное хозяйство | B57: 22 | C57: 2 | D57: 01 | E57: 44105 | F57: 240 | G57: 05 | J57: =J58 -> 2511.7
A58: =A52 -> Благоустройство | B58: 22 | C58: 2 | D58: 01 | E58: 44105 | F58: 240 | G58: 05 | H58: 03 | J58: =J59 -> 2511.7
A59: =A53 -> Администрация Пушкинского сельского поселения Ромодановского муниципального района Республики Мордовия | B59: 22 | C59: 2 | D59: 01 | E59: 44105 | F59: 240 | G59: 05 | H59: 03 | I59: 921 | J59: ='Приложение 2'!J79 -> 2511.7
A60: ='Приложение 2'!A10 -> Обеспечение деятельности Администрации Пушкинского сельского поселения Ромодановского муниципального района Республики Мордовия | B60: 65 | J60: =J61+J80 -> 968.1 | K60: =K61+K80 -> 830.1 | L60: =L61+L80 -> 883.7
A61: Высшее должностное лицо | B61: 65 | C61: 1 | J61: =J62+J74 -> 320.3 | K61: =K62+K68 -> 325.5 | L61: =L62+L68 -> 338.5
A62: Расходы на выплаты по оплате труда высшего должностного лица | B62: 65 | C62: 1 | D62: 00 | E62: 41150 | J62: =J63 -> 260.3 | K62: =K63 -> 302.4 | L62: =L63 -> 280.5
A63: Расходы на выплаты персоналу в целях обеспечения выполнения функций государственными (муниципальными) органами, казенными учреждениями, органами управления государственными внебюджетными фондами | B63: 65 | C63: 1 | D63: 00 | E63: 41150 | F63: 100 | J63: =J64 -> 260.3 | K63: =K64 -> 302.4 | L63: =L64 -> 280.5
A64: Расходы на выплаты персоналу государственных (муниципальных) органов | B64: 65 | C64: 1 | D64: 00 | E64: 41150 | F64: 120 | J64: =J65 -> 260.3 | K64: =K65 -> 302.4 | L64: =L65 -> 280.5
A65: Общегосударственные вопросы | B65: 65 | C65: 1 | D65: 00 | E65: 41150 | F65: 120 | G65: 01 | J65: =J66 -> 260.3 | K65: =K66 -> 302.4 | L65: =L66 -> 280.5
A66: Функционирование высшего должностного лица субъекта Российской Федерации и муниципального образования | B66: 65 | C66: 1 | D66: 00 | E66: 41150 | F66: 120 | G66: 01 | H66: 02 | J66: =J67 -> 260.3 | K66: =K67 -> 302.4 | L66: =L67 -> 280.5
A67: Администрация Пушкинского сельского поселения Ромодановского муниципального района Республики Мордовия | B67: 65 | C67: 1 | D67: 00 | E67: 41150 | F67: 120 | G67: 01 | H67: 02 | I67: 921 | J67: ='Приложение 2'!J14 -> 260.3 | K67: ='Приложение 2'!K14 -> 302.4 | L67: ='Приложение 2'!L14 -> 280.5
A68: =Приложение3!A91 -> Условно утвержденные расходы | B68: 65 | C68: 1 | D68: 00 | E68: 41990 | K68: =K69 -> 23.1 | L68: =L69 -> 58
A69: =Приложение3!A92 -> Иные бюджетные ассигнования | B69: 65 | C69: 1 | D69: 00 | E69: 41990 | F69: 800 | K69: =K70 -> 23.1 | L69: =L70 -> 58
A70: =Приложение3!A93 -> Резервные средства | B70: 65 | C70: 1 | D70: 00 | E70: 41990 | F70: 870 | K70: =K71 -> 23.1 | L70: =L71 -> 58
A71: =Приложение3!A87 -> Условно утвержденные расходы | B71: 65 | C71: 1 | D71: 00 | E71: 41990 | F71: 870 | G71: 99 | K71: =K72 -> 23.1 | L71: =L72 -> 58
A72: =Приложение3!A88 -> Условно утвержденные расходы | B72: 65 | C72: 1 | D72: 00 | E72: 41990 | F72: 870 | G72: 99 | H72: 99 | K72: =K73 -> 23.1 | L72: =L73 -> 58
A73: Администрация Пушкинского сельского поселения Ромодановского муниципального района Республики Мордовия | B73: 65 | C73: 1 | D73: 00 | E73: 41990 | F73: 870 | G73: 99 | H73: 99 | I73: 921 | K73: =Приложение3!J93 -> 23.1 | L73: =Приложение3!K93 -> 58
A74: ='Приложение 2'!A29 -> Субсидии на софинансирование расходных обязательств по финансовому обеспечению деятельности органов местного самоуправления и муниципальных учреждений | B74: 65 | C74: 1 | D74: 00 | E74: 44205 | J74: =J75 -> 60
A75: =A63 -> Расходы на выплаты персоналу в целях обеспечения выполнения функций государственными (муниципальными) органами, казенными учреждениями, органами управления государственными внебюджетными фондами | B75: 65 | C75: 1 | D75: 00 | E75: 44205 | F75: 100 | J75: =J76 -> 60
A76: =A64 -> Расходы на выплаты персоналу государственных (муниципальных) органов | B76: 65 | C76: 1 | D76: 00 | E76: 44205 | F76: 120 | J76: =J77 -> 60
A77: =A65 -> Общегосударственные вопросы | B77: 65 | C77: 1 | D77: 00 | E77: 44205 | F77: 120 | G77: 01 | J77: =J78 -> 60
A78: =A66 -> Функционирование высшего должностного лица субъекта Российской Федерации и муниципального образования | B78: 65 | C78: 1 | D78: 00 | E78: 44205 | F78: 120 | G78: 01 | H78: 02 | J78: =J79 -> 60
A79: =A73 -> Администрация Пушкинского сельского поселения Ромодановского муниципального района Республики Мордовия | B79: 65 | C79: 1 | D79: 00 | E79: 44205 | F79: 120 | G79: 01 | H79: 02 | I79: 921 | J79: ='Приложение 2'!J31 -> 60
A80: ='Приложение 2'!A20 -> Расходы в рамках обеспечения деятельности администрации Пушкинского сельского поселения | B80: 65 | C80: 2 | J80: =J81+J87+J98 -> 647.8 | K80: =K81+K87 -> 504.6 | L80: =L81+L87 -> 545.2
A81: Расходы на выплаты по оплате труда работников органов местного самоуправления | B81: 65 | C81: 2 | D81: 00 | E81: 41110 | J81: =J82 -> 260.3 | K81: =K82 -> 321.5 | L81: =L82 -> 315
A82: Расходы на выплаты персоналу в целях обеспечения выполнения функций государственными (муниципальными) органами, казенными учреждениями, органами управления государственными внебюджетными фондами | B82: 65 | C82: 2 | D82: 00 | E82: 41110 | F82: 100 | J82: =J83 -> 260.3 | K82: =K83 -> 321.5 | L82: =L83 -> 315
A83: Расходы на выплаты персоналу государственных (муниципальных) органов | B83: 65 | C83: 2 | D83: 00 | E83: 41110 | F83: 120 | J83: =J84 -> 260.3 | K83: =K84 -> 321.5 | L83: =L84 -> 315
A84: Общегосударственные вопросы | B84: 65 | C84: 2 | D84: 00 | E84: 41110 | F84: 120 | G84: 01 | J84: =J85 -> 260.3 | K84: =K85 -> 321.5 | L84: =L85 -> 315
A85: Функционирование Правительства Российской Федерации, высших исполнительных органов государственной власти субъектов Российской Федерации, местных администраций | B85: 65 | C85: 2 | D85: 00 | E85: 41110 | F85: 120 | G85: 01 | H85: 04 | J85: =J86 -> 260.3 | K85: =K86 -> 321.5 | L85: =L86 -> 315
A86: Администрация Пушкинского сельского поселения Ромодановского муниципального района Республики Мордовия | B86: 65 | C86: 2 | D86: 00 | E86: 41110 | F86: 120 | G86: 01 | H86: 04 | I86: 921 | J86: ='Приложение 2'!J23 -> 260.3 | K86: ='Приложение 2'!K23 -> 321.5 | L86: ='Приложение 2'!L23 -> 315
A87: ='Приложение 2'!A24 -> Расходы на обеспечение функций органов местного самоуправления | B87: 65 | C87: 2 | D87: 00 | E87: 41120 | J87: =J88+J93 -> 327.5 | K87: =K88+K93 -> 183.1 | L87: =L88+L93 -> 230.2
A88: Закупка товаров, работ и услуг для обеспечения государственных (муниципальных) нужд | B88: 65 | C88: 2 | D88: 00 | E88: 41120 | F88: 200 | J88: =J89 -> 321.5 | K88: =K89 -> 177.1 | L88: =L89 -> 224.2
A89: Иные закупки товаров, работ и услуг для обеспечения государственных (муниципальных) нужд | B89: 65 | C89: 2 | D89: 00 | E89: 41120 | F89: 240 | J89: =J90 -> 321.5 | K89: =K90 -> 177.1 | L89: =L90 -> 224.2
A90: Общегосударственные вопросы | B90: 65 | C90: 2 | D90: 00 | E90: 41120 | F90: 240 | G90: 01 | J90: =J91 -> 321.5 | K90: =K91 -> 177.1 | L90: =L91 -> 224.2
A91: Функционирование Правительства Российской Федерации, высших исполнительных органов государственной власти субъектов Российской Федерации, местных администраций | B91: 65 | C91: 2 | D91: 00 | E91: 41120 | F91: 240 | G91: 01 | H91: 04 | J91: =J92 -> 321.5 | K91: =K92 -> 177.1 | L91: =L92 -> 224.2
A92: Администрация Пушкинского сельского поселения Ромодановского муниципального района Республики Мордовия | B92: 65 | C92: 2 | D92: 00 | E92: 41120 | F92: 240 | G92: 01 | H92: 04 | I92: 921 | J92: ='Приложение 2'!J26 -> 321.5 | K92: ='Приложение 2'!K26 -> 177.1 | L92: ='Приложение 2'!L26 -> 224.2
A93: Иные бюджетные ассигнования | B93: 65 | C93: 2 | D93: 00 | E93: 41120 | F93: 800 | J93: =J94 -> 6 | K93: =K94 -> 6 | L93: =L94 -> 6
A94: Уплата налогов, сборов и иных платежей | B94: 65 | C94: 2 | D94: 00 | E94: 41120 | F94: 850 | J94: =J95 -> 6 | K94: =K95 -> 6 | L94: =L95 -> 6
A95: Общегосударственные вопросы | B95: 65 | C95: 2 | D95: 00 | E95: 41120 | F95: 850 | G95: 01 | J95: =J96 -> 6 | K95: =K96 -> 6 | L95: =L96 -> 6
A96: Функционирование Правительства Российской Федерации, высших исполнительных органов государственной власти субъектов Российской Федерации, местных администраций | B96: 65 | C96: 2 | D96: 00 | E96: 41120 | F96: 850 | G96: 01 | H96: 04 | J96: =J97 -> 6 | K96: =K97 -> 6 | L96: =L97 -> 6
A97: Администрация Пушкинского сельского поселения Ромодановского муниципального района Республики Мордовия | B97: 65 | C97: 2 | D97: 00 | E97: 41120 | F97: 850 | G97: 01 | H97: 04 | I97: 921 | J97: ='Приложение 2'!J28 -> 6 | K97: ='Приложение 2'!K28 -> 6 | L97: ='Приложение 2'!L28 -> 6
A98: ='Приложение 2'!A29 -> Субсидии на софинансирование расходных обязательств по финансовому обеспечению деятельности органов местного самоуправления и муниципальных учреждений | B98: 65 | C98: 2 | D98: 00 | E98: 44205 | J98: =J99 -> 60
A99: ='Приложение 2'!A30 -> Расходы на выплаты персоналу в целях обеспечения выполнения функций государственными (муниципальными) органами, казенными учреждениями, органами управления государственными внебюджетными фондами | B99: 65 | C99: 2 | D99: 00 | E99: 44205 | F99: 100 | J99: =J100 -> 60
A100: ='Приложение 2'!A31 -> Расходы на выплаты персоналу государственных (муниципальных) органов | B100: 65 | C100: 2 | D100: 00 | E100: 44205 | F100: 120 | J100: =J101 -> 60
...

Sheet прил5
C1: Приложение 6
C2: к решению Совета депутатов Пушкинского сельского поселения Ромодановского муниципального района Республики Мордовия "О бюджете Пушкинского сельского поселения Ромодановского муниципального района Республики Мордовия на 2023 год и на плановый период 2024 и 2025 годов"
A3: ИСТОЧНИКИ ВНУТРЕННЕГО ФИНАНСИРОВАНИЯ ДЕФИЦИТА БЮДЖЕТА ПУШКИНСКОГО СЕЛЬСКОГО ПОСЕЛЕНИЯ РОМОДАНОВСКОГО МУНИЦИПАЛЬНОГО РАЙОНА РЕСПУБЛИКИ МОРДОВИЯ НА 2023 ГОД И НА ПЛАНОВЫЙ ПЕРИОД 2024 и 2025 ГОДОВ
A7: Код | B7: Наименование кода группы, подгруппы, статьи, вида источника финансирования дефицитов бюджетов, кода классификации операций сектора государственного управления, относящихся к источникам финансирования дефицитов бюджетов Российской Федерации | C7: Сумма (тыс. руб.)
C8: 2023 год | D8: 2024 год | E8: 2025 год
A9: 1 | B9: 2 | C9: 3 | D9: 4 | E9: 5
A10: 000 01 00 00 00 00 0000 000 | B10: ИСТОЧНИКИ ВНУТРЕННЕГО ФИНАНСИРОВАНИЯ ДЕФИЦИТОВ БЮДЖЕТОВ | C10: =C11+C22+C14+C18 -> 80.7 | D10: =D11+D22+D14+D18 -> 0 | E10: =E11+E22+E14+E18 -> 0
A11: 000 01 02 00 00 00 0000 000 | B11: Кредиты кредитных организаций в валюте Российской Федерации | C11: =SUM(C12) -> 0 | D11: =SUM(D12) -> 0 | E11: =SUM(E12) -> 0
A12: 000 01 02 00 00 00 0000 700 | B12: Привлечение кредитов от кредитных организаций в валюте Российской Федерации | C12: =SUM(C13) -> 0 | D12: =SUM(D13) -> 0 | E12: =SUM(E13) -> 0
A13: 000 01 02 00 00 05 0000 710 | B13: Привлечение кредитов от кредитных организаций бюджетами муниципальных районов в валюте Российской Федерации | C13: 0 | D13: 0 | E13: 0
A14: 000 01 03 00 00 00 0000 000 | B14: Бюджетные кредиты из других бюджетов бюджетной системы Российской Федерации | C14: 0 | D14: =D15 -> 0 | E14: =E15 -> 0
A15: 000 01 03 01 00 00 0000 000 | B15: Бюджетные кредиты из других бюджетов бюджетной системы Российской Федерации в валюте Российской Федерации | C15: =C16 -> 0 | D15: =D16 -> 0 | E15: =E16 -> 0
A16: 000 01 03 01 00 00 0000 800 | B16: Погашение бюджетных кредитов, полученных из других бюджетов бюджетной системы Российской Федерации в валюте Российской Федерации | C16: =SUM(C17) -> 0 | D16: =SUM(D17) -> 0 | E16: =SUM(E17) -> 0
A17: 000 01 03 01 00 05 0000 810 | B17: Погашение бюджетами муниципальных районов кредитов из других бюджетов бюджетной системы Российской Федерации в валюте Российской Федерации | C17: 0 | D17: 0 | E17: 0
A18: 000 01 06 00 00 00 0000 000 | B18: Иные источники внутреннего финансирования дефицитов бюджетов | C18: =C19 -> 0 | D18: =D19 -> 0 | E18: =E19 -> 0
A19: 000 01 06 05 00 00 0000 000 | B19: Бюджетные кредиты, предоставленные внутри страны в валюте Российской Федерации | C19: =C20 -> 0 | D19: =D20 -> 0 | E19: =E20 -> 0
A20: 000 01 06 05 02 00 0000 600 | B20: Возврат бюджетных кредитов, предоставленных другим бюджетам бюджетной системы Российской Федерации в валюте Российской Федерации | C20: =C21 -> 0 | D20: =D21 -> 0 | E20: =E21 -> 0
A21: 000 01 06 05 02 05 0000 640 | B21: Возврат бюджетных кредитов, предоставленных другим бюджетам бюджетной системы Российской Федерации из бюджетов муниципальных районов в валюте Российской Федерации | C21: 0 | D21: 0 | E21: 0
A22: 000 01 05 00 00 00 0000 000 | B22: Изменения остатков средств на счетах по учету средств бюджета | C22: =C25+C26 -> 80.7 | D22: =D25+D26 -> 0 | E22: =E25+E26 -> 0
A23: 000 01 05 02 00 00 0000 500 | B23: Увеличение прочих остатков средств бюджетов | C23: =SUM(C24) -> -9611.6 | D23: =SUM(D24) -> -1271.1 | E23: =SUM(E24) -> -1329
A24: 000 01 05 02 01 00 0000 510 | B24: Увеличение прочих остатков денежных средств бюджетов | C24: =SUM(C25) -> -9611.6 | D24: =SUM(D25) -> -1271.1 | E24: =SUM(E25) -> -1329
A25: 000 01 05 02 01 10 0000 510 | B25: Увеличение прочих остатков денежных средств бюджетов сельских поселений | C25: -9611.6 | D25: -1271.1 | E25: -1329
A26: 000 01 05 02 00 00 0000 600 | B26: Уменьшение прочих остатков средств бюджетов | C26: =SUM(C27) -> 9692.3 | D26: =SUM(D27) -> 1271.1 | E26: =SUM(E27) -> 1329
A27: 000 01 05 02 01 00 0000 610 | B27: Уменьшение прочих остатков денежных средств бюджетов | C27: =SUM(C28) -> 9692.3 | D27: =SUM(D28) -> 1271.1 | E27: =SUM(E28) -> 1329
A28: 000 01 05 02 01 05 0000 610 | B28: Уменьшение прочих остатков денежных средств бюджетов муниципальных районов | C28: =Приложение3!I7 -> 9692.3 | D28: =Приложение3!J7 -> 1271.1 | E28: =Приложение3!K7 -> 1329
A29: 000 01 00 00 00 00 0000 000 | B29: Итого источников внутреннего финансирования дефицита бюджета Пушкинского сельского поселения Ромодановского муниципального района Республики Мордовия | C29: 0 | D29: 0 | E29: 0
B30: собственные доходы | C30: 478.6 | D30: 486.4 | E30: 490.7
